 Dungeon Crawl Stone Soup version 0.29.1-13-g9f3cf754e1 (webtiles) character file.

Game seed: 5664776771417233185

368 Vulpanium the Grave Robber (level 6, -2/50 HPs)
             Began as a Draconian Necromancer on Jan 21, 2023.
             Slain by a black bear (4 damage)
             ... on level 4 of the Dungeon.
             The game lasted 00:19:36 (5202 turns).

Vulpanium the Grave Robber (Draconian Necromancer)  Turns: 5202, Time: 00:19:36

Health: -2/50      AC:  9    Str: 11    XL:     6   Next: 41%
Magic:  1/12       EV: 12    Int: 17    God:
Gold:   150        SH:  0    Dex: 11    Spells: 12/13 levels left

rFire   . . .      SeeInvis .   n - +2 dagger (drain)
rCold   . . .      Faith    .   (no shield)
rNeg    . . .      Spirit   .   (body armour unavailable)
rPois   .          Reflect  .   (helmet restricted)
rElec   .          Harm     .   (no cloak)
rCorr   .          Rampage  .   (no gloves)
Will    .....                   d - +2 pair of boots {Fly}
Stlth   ++........              (no amulet)
HPRegen 0.16/turn               (no ring)
MPRegen 0.13/turn               (no ring)

@: flying
A: AC +6, unfitting armour, cold-blooded
a: no special abilities


You were on level 4 of the Dungeon.
You visited 1 branch of the dungeon, and saw 4 of its levels.

You collected 150 gold pieces.

Inventory:

Hand Weapons
 e - a +0 dagger
 h - the +9 sling "Jellybane" {flame, rN+ rCorr Str+5 Dex-5}
   (You found it on level 2 of the Dungeon)

   Any ammunition fired from it burns those it strikes, dealing additional fire
   damage.
   Str:       It affects your strength (+5).
   Dex:       It affects your dexterity (-5).
   rN:        It protects you from negative energy.
   rCorr:     It protects you from acid and corrosion.
 n - a +2 dagger of draining (weapon)
Armour
 d - a +2 pair of boots of flying (worn)
Jewellery
 j - a +6 ring of intelligence
 o - an amulet of regeneration
 q - a ring of positive energy
Wands
 p - a wand of flame (10)
Scrolls
 c - a scroll of teleportation
 f - 2 scrolls of identify
 g - a scroll of magic mapping {unknown}
 l - a scroll of poison {unknown}
 m - a scroll of acquirement {unknown}
Potions
 a - a potion of magic
 b - 2 potions of might {unknown}
 i - 2 potions of degeneration
 k - a potion of curing {unknown}
 r - a potion of invisibility {unknown}
 s - a potion of brilliance {unknown}
 t - a potion of heal wounds {unknown}


   Skills:
 * Level 2.4 Fighting
 * Level 2.0 Short Blades
 + Level 2.0 Dodging
 - Level 1.7 Stealth
 + Level 4.2 Spellcasting
 + Level 5.4 Necromancy


You had 12 spell levels left.
You knew the following spells:

 Your Spells              Type           Power      Damage    Failure   Level
a - Necrotise             Necr           88%        1d8       1%          1

Your spell library contained the following spells:

 Spells                   Type           Power      Damage    Failure   Level
 Vampiric Draining        Necr           22%        2d7       4%          3
 Magic Dart               Conj           12%        1d3       16%         1
 Animate Dead             Necr           22%        N/A       17%         4
 Searing Ray              Conj           6%         2d4       24%         2
 Agony                    Necr           22%        N/A       43%         5
 Fulminant Prism          Conj/Hex       1%         3d6       83%         4


Dungeon Overview and Level Annotations

Branches:
Dungeon (4/15)
 Temple: D:4-7

Altars:
Uskayaw
The Shining One


Innate Abilities, Weirdness & Mutations

Your plain brown scales are hard. (AC +6)
You cannot fit into any form of body armour.
You are cold-blooded and may be slowed by cold attacks.


Message History

The black bear barely resists.
The black bear bites you. The black bear barely misses you.
The black bear claws you but does no damage.
Casting: Necrotise (safe; 1% risk of failure)
Confirm with . or Enter, or press ? or * to list all spells.
Aiming: Necrotise (safe; 1% risk of failure)
Press: ? - help, Shift-Dir - straight line, f/p - black bear
Aim: a black bear (almost dead, berserk, chance to affect: 81%)
The black bear writhes in agony.
The black bear bites you!
* * * LOW HITPOINT WARNING * * *
The black bear closely misses you. x2; The black bear misses you.
The black bear claws you.
* * * LOW HITPOINT WARNING * * *
The black bear claws you but does no damage.
You hit the black bear but do no damage.
You drain the black bear.
Your tail-slap misses the black bear.
You punch the black bear, but do no damage.
The black bear is almost dead.
The black bear barely misses you.
The black bear claws you but does no damage. x2
You hit the black bear.
The black bear is almost dead.
The black bear bites you but does no damage.
The black bear claws you but does no damage.
The black bear closely misses you. x2
The black bear claws you but does no damage.
The black bear barely misses you.
You barely miss the black bear.
The black bear is almost dead.
The black bear barely misses you. The black bear closely misses you. x2
You barely miss the black bear.
The black bear is almost dead.
The black bear bites you.
* * * LOW HITPOINT WARNING * * *
The black bear claws you.
* * * LOW HITPOINT WARNING * * *
The black bear misses you.
The black bear bites you but does no damage.
The black bear claws you.
You die...

...............####..## #.#
>...#..........#####..###.#######
.......[.........................
###............######.###.#######
#.........#### #.# #.# #....
#.........#### #.. #.###.##.
#...[..).....### ###.#.##..#..
#.........##...## #...##.##..
#<.........###@.# #.....#..#
#.(............h...####.##.#..#
#.............#.......#.##)#..#
#.........###...........##.##..
#...>...(.# #####..#........##.
##.......## ...###..#..##.
...###......## #...........##
#........##.##


You could see a black bear (berserk, drained).

Vanquished Creatures
  2 hounds (D:4)
  An iguana (D:4)
  Natasha (thrice) (D:3)
  An orc wizard (D:3)
  2 adders (D:2)
  5 worms (D:3)
  5 dart slugs
  6 orcs
  7 bats
  5 endoplasms
  3 giant cockroaches
  14 goblins
  11 hobgoblins
  15 jackals
  9 kobolds
  3 quokkas
  7 ball pythons
  3 frilled lizards
  7 rats
109 creatures vanquished.

Vanquished Creatures (collateral kills)
  An adder (D:2)
  3 orcs (D:3)
  An endoplasm (D:3)
  A giant cockroach (D:3)
  A goblin (D:1)
  2 jackals (D:1)
  2 rats
11 creatures vanquished.

Vanquished Creatures (others)
  4 demonic plants (D:1)
  25 fungi
  5 plants (D:1)
  A withered plant (D:1)
35 creatures vanquished.

Grand Total: 155 creatures vanquished

Notes
Turn   | Place    | Note
-------+----------+-------------------------------------------
     0 | D:1      | Vulpanium the Draconian Necromancer began the quest for the
                  | Orb.
     0 | D:1      | Reached XP level 1. HP: 14/14 MP: 3/3
   123 | D:1      | Reached XP level 2. HP: 17/22 MP: 1/5
   517 | D:1      | Reached skill level 1 in Fighting
   590 | D:1      | Reached XP level 3. HP: 28/28 MP: 4/6
  1041 | D:1      | Found a faded altar of an unknown god.
  1631 | D:2      | Reached XP level 4. HP: 35/35 MP: 1/8
  2126 | D:2      | Reached skill level 1 in Short Blades
  2771 | D:2      | Identified the +9 sling "Jellybane" {flame, rN+ rCorr Str+5
                  | Dex-5}
  3229 | D:3      | Noticed Natasha
  3236 | D:3      | Killed Natasha
  3237 | D:3      | Reached XP level 5. HP: 34/41 MP: 1/9
  3844 | D:3      | Noticed Natasha
  3855 | D:3      | Killed Natasha
  4315 | D:3      | Reached skill level 5 in Necromancy
  4365 | D:3      | Noticed Natasha
  4374 | D:3      | Killed Natasha
  4375 | D:3      | Reached XP level 6. HP: 38/48 MP: 1/11
  4860 | D:4      | Found a hide-covered altar of Uskayaw.
  4953 | D:4      | Found a glowing golden altar of the Shining One.
  5202 | D:4      | HP: 2/50 [black bear (5)]
  5202 | D:4      | Slain by a black bear

Illustrated notes

Levels and vault maps discovered:
D:1:      matt_arrival_diagonals, layout_basic, shapermc_ecumenical_altar_gd,
          minmay_pentomino_w2
D:2:      minmay_diamond_boxcup, layout_loops_ring
D:3:      layout_loops_ring, dreamdust_mushroom_princess,
          kennysheep_cross_bottleneck, minmay_between, uniq_natasha
D:4:      layout_rooms, mainiacjoe_overflow_catch_the_wave

Skill      XL: |  1  2  3  4  5  6 |
---------------+-------------------+-----
Fighting       | 1 2 |  2.4
Short Blades   | 1 2 |  2.0
Spellcasting   | 3 4 |  4.2
Dodging        | 2 |  2.0
Necromancy     | 5 |  5.4
Stealth        | |  1.7

Action                   |  1- 3 |  4- 6 || total
-------------------------+-------+-------++-------
Melee: Unarmed           |    39 |       ||    39
       Tailslap          |     8 |     8 ||    16
       Dagger            |     8 |    57 ||    65
       Punch             |       |     1 ||     1
 Cast: Necrotise         |    73 |   165 ||   238
  Use: Scroll            |     3 |       ||     3
       Potion            |     1 |       ||     1
Armor: Skin              |    47 |    47 ||    94
Dodge: Dodged            |    60 |    92 ||   152
